Map: Blackpink LE

Players

iGXiGua (XiGua)

  • Race: Zerg Zerg
  • Spawn Location: 7:00

NightEnD - Winner!

  • Race: Protoss Protoss
  • Spawn Location: 1:00

Event: WESG 2017 Haikou

VOD

Have the link to the VOD?

Description

Time

  • Played on: March 13, 2018, 2:33 a.m.
  • Length: 9:33

All games in this series

Show
View Real Time Build Order
Export as new Build Order

iGXiGua Zerg 

Build Orders: Hatch First 

Get SALT Encoding   

  12  0:00  Drone  
  13  0:13  Overlord  
  13  0:18  Drone  
  14  0:31  Drone x2  
  16  0:37  Drone  
  17  0:52  Hatchery  
  17  0:55  Drone  
  17  0:59  Drone  
  18  1:09  Extractor  
  17  1:15  Spawning Pool  
  17  1:18  Drone  
  17  1:21  Drone  
  18  1:29  Drone  
  19  1:39  Drone  
  20  1:52  Drone  
  21  1:56  Hatchery  
  20  2:01  Zergling x2  
  20  2:04  Queen  
  23  2:11  Metabolic Boost  
  23  2:14  Drone  
  24  2:18  Drone  
  25  2:26  Drone  
  25  2:29  Overlord  
  26  2:31  Drone  
  26  2:35  Drone  
  28  2:45  Overlord  
  28  2:46  Queen  
  30  2:51  Zergling x2  
  30  2:52  Zergling x2  
  30  2:54  Drone  
  33  2:59  Drone  
  34  3:06  Drone  
  34  3:08  Drone  
  34  3:09  Drone  
  37  3:18  Drone  
  38  3:20  Drone x4  
  38  3:26  Overlord  
  38  3:27  Overlord  
  42  3:32  Baneling Nest  
  41  3:37  Drone, Overlord  
  42  3:44  Roach Warren, Overlord  
  42  3:46  Extractor, Queen  
  43  3:52  Drone  
  43  3:53  Overlord x2  
  44  3:58  Drone x3  
  44  4:01  Drone x2  
  49  4:24  Roach x8  
  49  4:25  Roach  
  66  4:34  Zergling x12  
  72  4:49  Ravager x2  
  72  4:51  Zergling x2  
  72  4:52  Zergling x10  
  80  4:55  Spine Crawler  
  80  4:56  Zergling x6  
  80  4:57  Ravager  
  80  4:59  Overlord  
  82  5:00  Overlord  
  82  5:04  Overlord  
  82  5:09  Zergling x10  
  82  5:12  Overlord  
  80  5:21  Zergling x10  
  80  5:28  Roach  
  66  5:43  Zergling x20  
  72  5:55  Zergling x6  
  68  6:01  Roach  
  68  6:02  Roach x6  
  74  6:09  Roach x3  
  77  6:15  Roach  
  74  6:19  Roach x3  
  73  6:34  Zergling x2  
  73  6:35  Zergling x20  
  73  6:36  Ravager  
  75  6:45  Drone x2  
  75  6:49  Queen  
  75  6:50  Drone  
  78  6:58  Drone x5  
  78  7:01  Drone  
  84  7:06  Drone  
  85  7:08  Drone  
  85  7:12  Drone  
  87  7:18  Drone  
  87  7:19  Drone, Lair  
  87  7:20  Drone x2  
  87  7:21  Drone  
  88  7:30  Drone x3  
  91  7:37  Drone  
  91  7:41  Extractor x2, Zergling x10  
  91  7:49  Evolution Chamber  
  91  7:50  Zergling x2  
  86  7:54  Zergling x2  
  86  7:57  Hatchery  
  86  7:58  Queen  
  88  8:12  Hatchery  
  87  8:16  Drone x6  
  87  8:18  Overlord  
  93  8:22  Drone  
  93  8:23  Baneling Nest  
  93  8:28  Drone  
  93  8:29  Zergling x2  
  93  8:30  Zergling x6  
  93  8:39  Roach  
  87  8:43  Roach  
  80  8:48  Roach  
  80  8:52  Roach  
  56  9:03  Roach x2  
  56  9:07  Roach  
Show
View Real Time Build Order
Export as new Build Order

NightEnD Protoss - Winner!

Build Orders: 1 Gate Expand 

Get SALT Encoding   

  12  0:00  Probe  
  13  0:13  Probe  
  14  0:19  Pylon  
  14  0:25  Probe  
  15  0:37  Probe (Chrono Boost)  
  16  0:45  Gateway  
  16  0:46  Probe (Chrono Boost)  
  16  0:48  Assimilator  
  17  0:51  Probe (Chrono Boost)  
  18  1:03  Probe  
  19  1:15  Probe  
  20  1:26  Nexus  
  20  1:29  Probe  
  21  1:39  Cybernetics Core  
  21  1:41  Probe  
  22  1:51  Assimilator  
  22  1:54  Pylon  
  22  1:56  Probe  
  23  2:12  Probe  
  23  2:13  Stalker (Chrono Boost)  
  24  2:16  Warp Gate  
  26  2:24  Probe  
  27  2:33  Twilight Council  
  27  2:36  Probe (Chrono Boost)  
  28  2:39  Zealot  
  28  2:40  Probe (Chrono Boost)  
  31  2:48  Probe (Chrono Boost)  
  31  2:49  Probe (Chrono Boost)  
  33  2:52  Probe (Chrono Boost)  
  33  2:54  Probe (Chrono Boost)  
  35  3:03  Robotics Facility, Probe  
  36  3:12  Charge (Chrono Boost)  
  36  3:19  Gateway  
  36  3:28  Gateway  
  36  3:29  Gateway  
  36  3:34  Gateway  
  36  3:42  Shield Battery  
  36  3:44  Gateway  
  36  3:51  Warp Prism (Chrono Boost)  
  38  3:58  Gateway  
  38  3:59  Gateway  
  38  4:12  Pylon  
  38  4:17  Pylon  
  38  4:21  Pylon  
  38  4:22  Zealot x2, Pylon  
  38  4:23  Pylon  
  42  4:36  Zealot x2  
  42  4:37  Zealot  
  48  4:40  Zealot  
  48  4:42  Zealot  
  48  4:43  Zealot  
  54  5:12  Zealot  
  54  5:13  Zealot x7  
  52  5:34  Zealot x8  
  46  5:55  Zealot x6  
  48  5:58  Zealot  
  48  6:02  Zealot  
  46  6:21  Zealot  
  46  6:22  Zealot x5  
  34  6:49  Zealot x3  
  34  6:50  Zealot x5  
  50  7:10  Zealot x3  
  50  7:11  Zealot x4  
  64  7:15  Zealot  
  66  7:33  Zealot x5  
  76  7:39  Zealot  
  76  7:40  Zealot x2  
  64  8:03  Zealot x5  
  64  8:04  Zealot x2  
  78  8:09  Zealot  
  76  8:40  Zealot x6  
  72  9:03  Zealot x4  
  72  9:04  Zealot x3  
  84  9:14  Zealot  
Tags
 
Add a new tag
Caveats
  • Supply blocks, unpowered buildings, or Contaminate may cause inaccurate times.
  • Supply counts are checked every 10 seconds.